Map: Pillars of Gold LE

Players

ViBE - Winner!

  • Race: Protoss Protoss
  • League: Silver
  • Spawn Location: 1:00

thekingleal

  • Race: Protoss Protoss
  • Spawn Location: 7:00

VOD

Have the link to the VOD?

Description

Time

  • Played on: March 11, 2021, 8:25 p.m.
  • Length: 22:05
Show
View Real Time Build Order
Export as new Build Order

ViBE Protoss - Winner!

Build Orders: 1 Gate Expand 

Get SALT Encoding   

  12  0:00  Probe  
  13  0:13  Probe  
  14  0:22  Pylon  
  14  0:25  Probe  
  15  0:40  Probe  
  16  0:43  Gateway  
  16  0:51  Assimilator  
  16  0:52  Probe  
  17  1:07  Probe  
  18  1:19  Probe  
  18  1:25  Nexus  
  19  1:31  Probe  
  20  1:41  Cybernetics Core  
  20  1:48  Assimilator  
  20  1:49  Probe  
  21  1:55  Pylon  
  21  2:01  Probe  
  22  2:13  Probe  
  23  2:24  Stalker  
  23  2:25  Probe  
  26  2:33  Pylon  
  26  2:38  Probe x2  
  26  2:41  Warp Gate  
  28  2:50  Probe x2  
  30  3:01  Stalker  
  30  3:02  Probe  
  30  3:03  Probe  
  34  3:15  Probe x2  
  36  3:25  Pylon  
  36  3:28  Probe x2  
  38  3:40  Robotics Facility  
  38  3:41  Gateway  
  38  3:46  Probe x2  
  40  3:52  Stalker  
  42  3:58  Probe  
  42  3:59  Probe  
  44  4:10  Nexus  
  44  4:12  Pylon  
  44  4:14  Probe x2  
  46  4:26  Probe x2  
  46  4:29  Pylon  
  48  4:37  Assimilator x2  
  48  4:40  Stalker x2  
  48  4:42  Immortal  
  48  4:43  Probe  
  48  4:44  Probe  
  58  4:49  Pylon  
  58  4:58  Pylon  
  58  5:06  Probe x2  
  60  5:08  Stalker  
  60  5:09  Stalker  
  64  5:21  Immortal  
  68  5:24  Probe  
  68  5:25  Probe  
  68  5:26  Probe  
  71  5:35  Stalker  
  71  5:37  Stalker  
  71  5:42  Probe x2  
  77  5:43  Probe  
  78  5:54  Probe x2  
  78  5:55  Probe  
  81  6:00  Immortal, Pylon  
  81  6:03  Stalker  
  81  6:04  Stalker  
  89  6:07  Probe x2  
  89  6:08  Probe  
  92  6:34  Nexus  
  92  6:36  Pylon, Gateway  
  92  6:38  Gateway  
  92  6:40  Pylon  
  92  6:42  Gateway  
  92  6:47  Stalker  
  92  6:48  Stalker  
  92  6:51  Immortal  
  92  6:52  Probe  
  92  6:53  Probe x2  
  102  7:03  Assimilator x2  
  102  7:05  Probe x2  
  102  7:06  Probe  
  105  7:11  Stalker  
  105  7:12  Stalker  
  109  7:18  Forge  
  109  7:20  Twilight Council  
  109  7:28  Probe x2  
  109  7:29  Probe  
  112  7:30  Immortal  
  116  7:37  Stalker  
  116  7:38  Stalker  
  116  7:39  Stalker  
  116  7:40  Stalker x2  
  116  7:43  Probe  
  128  7:44  Probe x2  
  128  7:50  Probe  
  130  7:55  Pylon  
  130  7:56  Probe  
  130  7:57  Probe  
  130  7:58  Probe  
  133  8:00  Pylon  
  133  8:02  Probe  
  134  8:10  Immortal  
  134  8:11  Probe x3  
  141  8:14  Probe  
  141  8:17  Nexus  
  141  8:18  Pylon  
  142  8:21  Pylon  
  142  8:28  Probe x2  
  142  8:29  Probe x2  
  146  8:34  Assimilator  
  146  8:36  Assimilator  
  146  8:38  Stalker  
  146  8:39  Stalker  
  146  8:40  Stalker  
  152  8:41  Stalker  
  152  8:42  Stalker  
  155  8:50  Observer (Chrono Boost)  
  154  9:00  Probe x3  
  154  9:01  Probe  
  154  9:03  Stalker  
  154  9:04  Stalker x2  
  154  9:05  Stalker  
  154  9:06  Stalker  
  164  9:13  Pylon  
  164  9:16  Pylon  
  162  9:18  Immortal  
  162  9:28  Stalker  
  162  9:29  Stalker  
  162  9:30  Stalker  
  162  9:31  Stalker  
  166  9:32  Stalker  
  168  9:39  Gateway  
  168  9:40  Gateway  
  168  9:43  Gateway  
  168  9:46  Gateway  
  168  9:49  Gateway  
  168  9:54  Stalker x2  
  168  9:55  Gateway, Stalker  
  168  9:56  Stalker x2  
  178  10:00  Gateway  
  178  10:03  Gateway  
  178  10:09  Immortal  
  178  10:10  Protoss Ground Weapons Level 1 (Chrono Boost)  
  182  10:32  Stalker  
  182  10:33  Nexus, Stalker  
  182  10:34  Pylon, Stalker x2  
  182  10:35  Stalker  
  192  10:36  Stalker x2  
  192  10:37  Stalker  
  192  10:38  Pylon  
  198  10:48  Stalker  
  200  10:59  Photon Cannon  
  200  11:03  Photon Cannon  
  200  11:05  Photon Cannon  
  200  11:08  Photon Cannon  
  200  11:12  Photon Cannon  
  200  11:22  Photon Cannon  
  198  11:26  Robotics Facility  
  198  11:28  Gateway  
  196  11:55  Gateway  
  196  11:57  Gateway  
  196  12:00  Gateway  
  190  12:05  Gateway  
  190  12:08  Gateway  
  172  12:10  Stalker  
  172  12:11  Stalker x2  
  172  12:12  Stalker  
  172  12:13  Stalker  
  172  12:14  Stalker  
  172  12:15  Stalker  
  182  12:16  Stalker x2  
  182  12:17  Stalker  
  182  12:18  Stalker  
  182  12:19  Stalker  
  182  12:21  Stalker  
  188  12:24  Immortal x2  
  192  12:37  Protoss Ground Weapons Level 2  
  184  12:54  Stalker x2  
  184  12:55  Stalker  
  184  12:56  Stalker  
  184  12:57  Stalker  
  184  12:58  Stalker  
  188  12:59  Stalker  
  188  13:00  Stalker x2  
  188  13:01  Stalker  
  188  13:02  Stalker  
  188  13:03  Stalker  
  188  13:05  Nexus  
  188  13:07  Immortal x2  
  188  13:08  Pylon, Stalker  
  188  13:09  Stalker  
  188  13:10  Stalker  
  188  13:11  Pylon, Stalker  
  188  13:12  Stalker  
  192  13:13  Stalker  
  192  13:14  Stalker  
  166  14:09  Stalker x2  
  160  14:10  Stalker  
  160  14:11  Stalker x2  
  160  14:12  Stalker  
  160  14:13  Stalker  
  160  14:14  Stalker  
  160  14:15  Stalker x2  
  160  14:16  Stalker  
  164  14:17  Stalker  
  164  14:18  Stalker x2  
  164  14:20  Stalker  
  164  14:21  Stalker  
  164  14:24  Stalker  
  164  14:25  Stalker x2  
  164  14:26  Stalker  
  164  14:27  Stalker  
  164  14:28  Stalker x2  
  164  14:30  Immortal x2  
  186  14:35  Pylon  
  186  14:38  Pylon  
  186  15:13  Pylon, Stalker  
  188  15:14  Stalker x2  
  188  15:15  Stalker  
  188  15:16  Stalker x3  
  200  15:33  Assimilator  
  200  15:34  Assimilator  
  200  15:52  Nexus  
  200  15:56  Protoss Ground Weapons Level 3 (Chrono Boost), Pylon  
  190  15:59  Pylon  
  152  16:19  Stalker  
  152  16:20  Stalker  
  152  16:21  Stalker  
  152  16:22  Immortal x2  
  152  16:24  Stalker  
  152  16:25  Stalker  
  150  16:26  Stalker  
  150  16:27  Stalker x2  
  150  16:28  Stalker  
  150  16:29  Stalker  
  150  16:30  Stalker  
  150  16:31  Stalker  
  150  16:32  Stalker  
  144  16:33  Stalker  
  144  16:34  Stalker  
  144  16:35  Stalker  
  144  16:36  Stalker  
  144  16:37  Stalker x2  
  134  16:47  Photon Cannon  
  134  16:49  Photon Cannon  
  134  16:54  Stalker  
  134  16:55  Stalker  
  134  16:56  Stalker  
  134  16:57  Stalker  
  134  16:58  Stalker x2  
  134  16:59  Stalker x2  
  134  17:00  Stalker  
  134  17:01  Stalker  
  152  17:02  Stalker  
  152  17:04  Stalker  
  152  17:05  Stalker x2  
  152  17:06  Stalker  
  152  17:07  Stalker  
  152  17:08  Stalker  
  166  17:09  Stalker x2  
  166  17:11  Immortal x2  
  178  17:26  Stalker  
  178  17:27  Stalker  
  178  17:28  Stalker  
  178  17:29  Stalker x2  
  188  17:30  Stalker  
  188  17:31  Stalker  
  188  17:32  Stalker  
  188  17:33  Stalker  
  188  17:34  Stalker  
  188  17:35  Stalker  
  196  18:13  Stalker x2  
  198  18:30  Stalker  
  198  18:31  Stalker  
  188  18:42  Probe x6  
  188  18:46  Stalker  
  188  18:47  Stalker  
  188  18:48  Stalker x2  
  198  18:49  Stalker  
  198  18:54  Probe x2  
  172  19:51  Observer  
  172  19:52  Observer  
  172  19:58  Stalker  
  172  19:59  Stalker x2  
  176  20:00  Stalker x2  
  176  20:01  Stalker x2  
  176  20:02  Stalker  
  176  20:03  Stalker x2  
  176  20:04  Stalker x2  
  176  20:05  Stalker  
  176  20:06  Stalker  
  198  20:07  Stalker  
  198  20:08  Stalker  
  198  20:11  Stalker  
  198  20:12  Stalker  
  198  20:15  Stalker x2  
  198  20:42  Pylon  
Show
View Real Time Build Order
Export as new Build Order

thekingleal Protoss 

Build Orders:  

Get SALT Encoding   

  12  0:01  Probe (Chrono Boost)  
  13  0:11  Probe (Chrono Boost)  
  14  0:20  Pylon  
  14  0:24  Probe  
  15  0:38  Probe  
  16  0:46  Gateway  
  16  0:55  Forge  
  16  1:02  Assimilator  
  16  1:08  Assimilator  
  16  1:24  Pylon  
  16  1:39  Zealot  
  18  1:40  Cybernetics Core  
  18  1:59  Gateway  
  18  2:00  Gateway  
  18  2:06  Zealot  
  20  2:12  Probe (Chrono Boost)  
  21  2:16  Warp Gate (Chrono Boost)  
  22  2:22  Probe (Chrono Boost)  
  22  2:27  Probe (Chrono Boost)  
  23  2:56  Nexus  
  23  3:06  Stalker  
  24  3:40  Assimilator  
  24  3:44  Assimilator  
  24  4:16  Probe (Chrono Boost)  
  25  4:20  Pylon  
  25  4:26  Probe (Chrono Boost)  
  25  4:30  Probe (Chrono Boost), Pylon  
  26  4:33  Pylon  
  26  4:35  Pylon  
  27  4:42  Probe  
  27  4:43  Twilight Council  
  28  4:54  Probe, Robotics Facility  
  28  4:56  Stargate  
  29  5:01  Stalker  
  31  5:07  Probe (Chrono Boost)  
  32  5:19  Probe (Chrono Boost)  
  32  5:21  Charge  
  33  5:25  Probe (Chrono Boost)  
  34  5:31  Templar Archives  
  34  5:42  Observer  
  35  5:49  Dark Shrine  
  35  5:54  Gateway  
  35  5:55  Gateway  
  35  6:03  Gateway  
  35  6:13  Probe  
  36  6:26  Probe  
  37  6:38  Probe  
  38  6:50  Probe  
  36  7:21  Stalker x3  
  36  7:22  Stalker x2  
  44  7:23  Stalker  
  48  7:47  Dark Templar  
  48  7:48  Dark Templar  
  48  7:49  Dark Templar  
  48  7:50  Dark Templar  
  48  7:51  Dark Templar  
  58  7:55  Dark Templar  
  60  8:17  Pylon  
  60  8:18  Pylon  
  60  8:20  Pylon  
  60  8:22  Pylon  
  60  8:24  Pylon  
  60  8:26  Pylon  
  60  8:46  Nexus  
  48  9:36  Stalker  
  48  9:37  Stalker x2  
  48  9:38  Stalker x2  
  56  9:39  Stalker  
  60  10:03  Zealot  
  60  10:04  Zealot x3  
  60  10:05  Zealot x2  
  72  10:10  Blink  
  72  10:27  Probe (Chrono Boost)  
  73  10:34  Dark Templar  
  73  10:35  Dark Templar x2  
  77  10:37  Probe (Chrono Boost)  
  77  10:41  Dark Templar  
  77  10:42  Probe (Chrono Boost)  
  82  10:47  Dark Templar  
  85  10:53  Probe  
  85  10:54  Dark Templar  
  88  11:05  Probe  
  88  11:44  Stalker x3  
  88  11:45  Stalker x3  
  73  12:16  Stalker x2  
  73  12:17  Stalker x2  
  56  12:35  Dark Templar  
  56  12:36  Dark Templar  
  44  12:49  Dark Templar  
  44  12:50  Dark Templar x3  
  47  13:09  Dark Templar x2  
  20  14:37  Nexus  
  20  14:50  Dark Templar  
  20  14:51  Dark Templar x2  
  26  14:52  Dark Templar  
  26  14:56  Dark Templar  
  29  15:50  Dark Templar x2  
  23  16:23  Dark Templar  
  20  17:51  Stalker  
  22  17:59  Dark Templar  
Tags
 
League
Silver
Matchup
PvP
Player
ViBE
Spawn Locations
Cross Positions
Add a new tag
Caveats
  • Supply blocks, unpowered buildings, or Contaminate may cause inaccurate times.
  • Supply counts are checked every 10 seconds.